Blackhawks vs Sharks
Created - December 29, 2017 at 00:03
Goals
|
Blackhawks |
1 |
2 |
0 |
3 |
Sharks |
2 |
0 |
2 |
4 |
|
Shots
|
Blackhawks |
19 |
11 |
4 |
34 |
Sharks |
7 |
10 |
11 |
28 |
|
1st period
1. Sharks , Kevin Shattenkirk 10 (Brad Boyes 18, Derek Boogaard 13) at 2:02 (PP)
2. Sharks , Antoine Vermette 10 (Ryane Clowe 10, Cal Clutterbuck 10) at 3:20
3. Blackhawks , Denis Grebeshkov 1 (Jarome Iginla 9, Ladislav Smid 6) at 9:26
Penalties :
Dave Tanabe (Chi) for Tripping (Minor) at 1:55, Denis Grebeshkov (Chi) for Interference (Minor) at 7:18, David Legwand (SJS) for Interference (Minor) at 14:35, Cal Clutterbuck (SJS) for High sticking (Minor) at 19:49
2nd period
4. Blackhawks , Antoine Roussel 9 (Patrick Kane 19, Derick Brassard 16) at 1:10 (PP)
5. Blackhawks , Tomas Fleischmann 9 (Mike Green 21, Jarome Iginla 10) at 4:28 (PP)
Penalties :
T.J. Hensick (SJS) for Cross-checking (Minor) at 3:54, Joni Pitkanen (Chi) for Hooking (Minor) at 7:59, Nick Palmieri (SJS) for Interference (Minor) at 12:18, Nick Palmieri (SJS) for Holding (Minor) at 15:58
3rd period
6. Sharks , T.J. Hensick 7 (Kevin Shattenkirk 27, Nick Palmieri 5) at 9:56
7. Sharks , Cal Clutterbuck 9 (Antoine Vermette 10) at 10:32
Penalties :
Steve Montador (SJS) for Slashing (Minor) at 4:18, Dave Tanabe (Chi) for Holding (Minor) at 6:56, Joni Pitkanen (Chi) for Hooking (Minor) at 7:18, Derick Brassard (Chi) for Holding (Minor) at 10:35, Cal Clutterbuck (SJS) for Hooking (Minor) at 16:54
Goalie Stats
Jimmy Howard (Chi), 24 saves from 28 shots - (0.857), L, 9-15-5, 59:25 minutes
Frederik Andersen (SJS), 31 saves from 34 shots - (0.912), W, 7-8-0, 60:00 minutes
Players Stats for Blackhawks
Player Name G A P +/- PIM S H SB GA TA FO MP PP MP PK MP
------------------------------------------------------------------------------------
Antoine Roussel 1 0 1 0 0 4 5 0 1 0 1/3 19:48 6:24 1:07
Chad Larose 0 0 0 0 0 0 1 0 0 1 2/3 11:06 0:10 0:00
Dave Tanabe 0 0 0 0 4 0 0 0 0 0 0/0 11:54 0:08 1:01
Denis Grebeshkov 1 0 1 1 2 3 1 1 0 0 0/0 19:25 4:23 2:16
Derick Brassard 0 1 1 -2 2 4 2 0 0 0 16/30 22:11 6:26 2:55
Jaden Schwartz 0 0 0 -1 0 1 1 0 0 0 0/0 7:44 0:00 1:42
Jarome Iginla 0 2 2 1 0 3 1 0 0 2 0/0 16:23 5:19 1:07
Joni Pitkanen 0 0 0 -2 4 2 2 1 1 1 0/0 26:09 7:19 2:31
Kevin Marshall 0 0 0 -2 0 0 0 0 0 0 0/0 14:04 0:08 2:39
Kyle Brodziak 0 0 0 -1 0 0 0 1 0 0 0/1 6:21 0:00 0:19
Ladislav Smid 0 1 1 1 0 0 0 0 1 0 0/0 20:35 4:23 3:25
Mike Green 0 1 1 -2 0 2 0 4 1 1 0/0 28:39 7:19 5:00
Patrick Kane 0 1 1 -1 0 4 1 0 0 1 8/9 23:15 6:26 4:40
Peter Regin 0 0 0 0 0 2 0 0 0 0 6/10 15:07 5:19 0:00
Ryan Johansen 0 0 0 -1 0 1 2 0 0 0 1/3 13:53 0:00 2:36
Taylor Pyatt 0 0 0 0 0 4 0 0 0 0 0/0 11:47 0:05 0:44
Tomas Fleischmann 1 0 1 0 0 4 1 0 0 0 0/1 15:07 5:19 0:00
Tyler Kennedy 0 0 0 -1 0 0 0 1 0 0 0/0 6:24 0:02 0:00
Players Stats for Sharks
Player Name G A P +/- PIM S H SB GA TA FO MP PP MP PK MP
------------------------------------------------------------------------------------
Andrej Sekera 0 0 0 2 0 1 2 3 0 1 0/0 20:48 3:17 4:57
Antoine Vermette 1 1 2 2 0 4 1 0 0 0 7/10 17:43 3:43 3:48
Boris Valabik 0 0 0 2 0 3 0 0 0 0 0/0 20:41 3:17 4:50
Brad Boyes 0 1 1 0 0 4 4 0 1 1 0/1 22:22 4:05 6:26
Cal Clutterbuck 1 1 2 2 4 3 2 0 0 0 0/0 13:55 3:43 0:00
Chris Campoli 0 0 0 0 0 1 0 1 0 0 0/0 11:47 0:10 0:00
Damien Brunner 0 0 0 -1 0 0 0 0 0 0 0/0 6:32 0:00 0:00
David Legwand 0 0 0 0 2 0 0 0 0 0 12/33 21:35 4:05 5:19
Derek Boogaard 0 1 1 0 0 1 3 1 1 0 1/2 21:06 4:01 5:06
Erik Cole 0 0 0 1 0 0 1 0 0 2 0/0 11:34 0:25 0:15
Erik Karlsson 0 0 0 0 0 0 0 0 1 0 0/0 12:46 0:10 0:59
Kevin Shattenkirk 1 1 2 0 0 4 0 1 2 0 0/0 27:32 4:58 7:00
Nick Palmieri 0 1 1 1 4 3 3 0 0 0 0/1 11:29 0:34 0:00
Oskar Osala 0 0 0 -1 0 0 1 0 0 0 0/0 6:32 0:00 0:00
Rob Schremp 0 0 0 -1 0 1 1 0 0 0 2/3 9:36 0:12 2:35
Ryane Clowe 0 1 1 2 0 1 1 0 1 0 0/1 13:54 3:43 0:00
Steve Montador 0 0 0 0 2 0 2 1 0 0 0/0 26:42 4:58 5:54
T.J. Hensick 1 0 1 1 2 2 1 0 0 0 4/9 11:29 0:44 0:11
3 Stars
1 - Antoine Vermette (SJS)
2 - Antoine Roussel (Chi)
3 - Kevin Shattenkirk (SJS)
Power Play
Blackhawks - 2 on 7 Attempt(s) - 28.57%
Sharks - 1 on 6 Attempt(s) - 16.67%
Penalty Kill
Blackhawks - 5 on 6 Attempt(s) - 83.33%
- Score 0 goal in Penalty Kill
Sharks - 5 on 7 Attempt(s) - 71.43%
- Score 0 goal in Penalty Kill
Team Stat
Blackhawks - Hits : 17 - Faceoff Wins : 34 - Blocked Shots : 8 - Penalty Minutes : 12
Sharks - Hits : 22 - Faceoff Wins : 26 - Blocked Shots : 7 - Penalty Minutes : 14
Official
Referees : Watson Brad and Kimmerly Greg
Linesman : Derek Nansen and Greg Devorski
Game Notes
No Game Note
Finance
Level 1 -- Attendance: 4376 (72.93%) -- Ticket Income $415,720
Level 2 -- Attendance: 3710 (74.20%) -- Ticket Income $241,150
Level 3 -- Attendance: 1375 (68.75%) -- Ticket Income $61,875
Level 4 -- Attendance: 4000 (100.00%) -- Ticket Income $100,000
Luxury Box -- Attendance: 720 (72.00%) -- Ticket Income $133,200
Game was played at the Hockey Place Center.
Total Attendance: 14181 (78.78%)
Total Ticket Income: $951,945
Other Income: $142,792
Total Income: $1,094,737
Blackhawks
5 vs 5 Forward
Center Left Wing Right Wing Time % Phy DF OF
1 Derick Brassard Antoine Roussel Patrick Kane 40 1 2 2
2 Peter Regin Tomas Fleischmann Jarome Iginla 30 1 2 2
3 Ryan Johansen Taylor Pyatt Chad Larose 20 1 2 2
4 Kyle Brodziak Jaden Schwartz Tyler Kennedy 10 1 2 2
5 vs 5 Defense
Defense Defense Time % Phy DF OF
1 Mike Green Joni Pitkanen 40 1 2 2
2 Denis Grebeshkov Ladislav Smid 30 1 2 2
3 Dave Tanabe Kevin Marshall 20 1 2 2
4 Mike Green Joni Pitkanen 10 1 2 2
PowerPlay Forward
Center Left Wing Right Wing Time % Phy DF OF
1 Derick Brassard Antoine Roussel Patrick Kane 60 1 2 2
2 Peter Regin Tomas Fleischmann Jarome Iginla 40 1 2 2
PowerPlay Defense
Defense Defense Time % Phy DF OF
1 Mike Green Joni Pitkanen 60 1 2 2
2 Denis Grebeshkov Ladislav Smid 40 1 2 2
Penalty Kill 4 Players Forward
Center Wing Time % Phy DF OF
1 Patrick Kane Derick Brassard 60 1 2 2
2 Jarome Iginla Antoine Roussel 40 1 2 2
Penalty Kill 4 Players Defense
Defense Defense Time % Phy DF OF
1 Mike Green Joni Pitkanen 60 1 2 2
2 Denis Grebeshkov Ladislav Smid 40 1 2 2
Penalty Kill - 3 Players Forward
Forward Time % Phy DF OF
1 Patrick Kane 60 1 2 2
2 Derick Brassard 40 1 2 2
Penalty Kill - 3 Players Defense
Defense Defense Time % Phy DF OF
1 Mike Green Joni Pitkanen 60 1 2 2
2 Denis Grebeshkov Ladislav Smid 40 1 2 2
4 vs 4 Forward
Center Wing Time % Phy DF OF
1 Patrick Kane Derick Brassard 60 1 2 2
2 Jarome Iginla Antoine Roussel 40 1 2 2
4 vs 4 Defense
Defense Defense Time % Phy DF OF
1 Mike Green Joni Pitkanen 60 1 2 2
2 Denis Grebeshkov Ladislav Smid 40 1 2 2
Last Minutes Offensive
Center Left Wing Right Wing Defense Defense
Derick Brassard Antoine Roussel Patrick Kane Mike Green Joni Pitkanen
Last Minutes Defensive
Center Left Wing Right Wing Defense Defense
Derick Brassard Antoine Roussel Patrick Kane Mike Green Joni Pitkanen
Goaltenders
Starting : Jimmy Howard
Backup : Al Montoya
Extra Forwards
Normal : Chad Larose, Taylor Pyatt, Ryan Johansen - PP : Chad Larose, Taylor Pyatt - PK : Ryan Johansen
Extra Defensemen
Normal : Dave Tanabe, Kevin Marshall, Denis Grebeshkov - PP : Dave Tanabe - PK : Kevin Marshall, Denis Grebeshkov
Penalty Shots
Patrick Kane, Derick Brassard, Jarome Iginla, Antoine Roussel, Peter Regin
Scratches
None
Sharks
5 vs 5 Forward
Center Left Wing Right Wing Time % Phy DF OF
1 David Legwand Derek Boogaard Brad Boyes 40 1 2 2
2 Antoine Vermette Ryane Clowe Cal Clutterbuck 30 1 2 2
3 T.J. Hensick Erik Cole Nick Palmieri 20 1 2 2
4 Rob Schremp Oskar Osala Damien Brunner 10 1 2 2
5 vs 5 Defense
Defense Defense Time % Phy DF OF
1 Kevin Shattenkirk Steve Montador 40 1 2 2
2 Boris Valabik Andrej Sekera 30 1 2 2
3 Chris Campoli Erik Karlsson 20 1 2 2
4 Kevin Shattenkirk Steve Montador 10 1 2 2
PowerPlay Forward
Center Left Wing Right Wing Time % Phy DF OF
1 David Legwand Derek Boogaard Brad Boyes 60 1 2 2
2 Antoine Vermette Ryane Clowe Cal Clutterbuck 40 1 2 2
PowerPlay Defense
Defense Defense Time % Phy DF OF
1 Kevin Shattenkirk Steve Montador 60 1 2 2
2 Boris Valabik Andrej Sekera 40 1 2 2
Penalty Kill 4 Players Forward
Center Wing Time % Phy DF OF
1 David Legwand Brad Boyes 60 1 2 2
2 Derek Boogaard Antoine Vermette 40 1 2 2
Penalty Kill 4 Players Defense
Defense Defense Time % Phy DF OF
1 Kevin Shattenkirk Steve Montador 60 1 2 2
2 Boris Valabik Andrej Sekera 40 1 2 2
Penalty Kill - 3 Players Forward
Forward Time % Phy DF OF
1 David Legwand 60 1 2 2
2 Brad Boyes 40 1 2 2
Penalty Kill - 3 Players Defense
Defense Defense Time % Phy DF OF
1 Kevin Shattenkirk Steve Montador 60 1 2 2
2 Boris Valabik Andrej Sekera 40 1 2 2
4 vs 4 Forward
Center Wing Time % Phy DF OF
1 David Legwand Brad Boyes 60 1 2 2
2 Derek Boogaard Antoine Vermette 40 1 2 2
4 vs 4 Defense
Defense Defense Time % Phy DF OF
1 Kevin Shattenkirk Steve Montador 60 1 2 2
2 Boris Valabik Andrej Sekera 40 1 2 2
Last Minutes Offensive
Center Left Wing Right Wing Defense Defense
David Legwand Derek Boogaard Brad Boyes Kevin Shattenkirk Steve Montador
Last Minutes Defensive
Center Left Wing Right Wing Defense Defense
David Legwand Derek Boogaard Brad Boyes Kevin Shattenkirk Steve Montador
Goaltenders
Starting : Frederik Andersen
Backup : Brent Krahn
Extra Forwards
Normal : T.J. Hensick, Erik Cole, Rob Schremp - PP : T.J. Hensick, Erik Cole - PK : Rob Schremp
Extra Defensemen
Normal : Chris Campoli, Erik Karlsson, Boris Valabik - PP : Chris Campoli - PK : Erik Karlsson, Boris Valabik
Penalty Shots
David Legwand, Brad Boyes, Derek Boogaard, Antoine Vermette, Ryane Clowe
Scratches
Brayden McNabb (Healthy), Jordan LaVallee (Healthy), Martin Erat (Healthy), Patrick O'Sullivan (Healthy), Justin Pogge (Healthy)
% Time on Ice - Blackhawks
Lines # - Real PCT - Wanted PCT - Time Play
Normal Forward
1 - 34% - 40% - 13:11
2 - 26% - 30% - 9:57
3 - 25% - 20% - 9:31
4 - 16% - 10% - 6:02
Normal Defense
1 - 38% - 40% - 14:33
2 - 34% - 30% - 13:01
3 - 27% - 20% - 10:24
4 - 2% - 10% - 0:43
PP Forward
1 - 55% - 60% - 6:31
2 - 45% - 40% - 5:19
PP Defense
1 - 62% - 60% - 7:19
2 - 38% - 40% - 4:31
PK Forward
1 - 84% - 60% - 5:41
2 - 16% - 40% - 1:07
PK Defense
1 - 62% - 60% - 4:14
2 - 38% - 40% - 2:34
PK3 Forward
1 - 86% - 60% - 1:23
2 - 14% - 40% - 0:14
PK3 Defense
1 - 47% - 60% - 0:46
2 - 53% - 40% - 0:51
44 Forward
1 - 0% - 60%
2 - 0% - 40%
44 Defense
1 - 0% - 60%
2 - 0% - 40%
Last Minute Offensive - 1:04
Last Minute Defensive - 0:00
Total
Forward - 60:00
Defense - 60:00
|
% Time on Ice - Sharks
Lines # - Real PCT - Wanted PCT - Time Play
Normal Forward
1 - 32% - 40% - 12:29
2 - 26% - 30% - 10:11
3 - 25% - 20% - 9:30
4 - 17% - 10% - 6:32
Normal Defense
1 - 38% - 40% - 14:46
2 - 32% - 30% - 12:34
3 - 29% - 20% - 11:07
4 - 1% - 10% - 0:15
PP Forward
1 - 56% - 60% - 4:42
2 - 44% - 40% - 3:43
PP Defense
1 - 61% - 60% - 5:08
2 - 39% - 40% - 3:17
PK Forward
1 - 76% - 60% - 8:57
2 - 24% - 40% - 2:53
PK Defense
1 - 59% - 60% - 7:00
2 - 41% - 40% - 4:50
PK3 Forward
1 - 0% - 60%
2 - 0% - 40%
PK3 Defense
1 - 0% - 60%
2 - 0% - 40%
44 Forward
1 - 0% - 60%
2 - 0% - 40%
44 Defense
1 - 0% - 60%
2 - 0% - 40%
Last Minute Offensive - 0:00
Last Minute Defensive - 1:03
Total
Forward - 60:00
Defense - 60:00
|
Play by Play
1st period
0:01 of 1st period - Derek Boogaard wins face-off versus Derick Brassard in neutral zone.
0:26 of 1st period - Mike Green is hit by Cal Clutterbuck and loses puck.
0:35 of 1st period - Snap shot by Antoine Vermette.
0:35 of 1st period - Stopped by Jimmy Howard with a rebound.
0:37 of 1st period - Slapshot by Andrej Sekera.
0:37 of 1st period - Deflect By Cal Clutterbuck.
0:37 of 1st period - Shot Blocked by Mike Green.
0:37 of 1st period - Puck is out of play.
0:38 of 1st period - T.J. Hensick wins face-off versus Ryan Johansen in Blackhawks zone.
0:39 of 1st period - Wrist shot by Nick Palmieri.
0:39 of 1st period - Stopped by Jimmy Howard without a rebound.
0:40 of 1st period - Ryan Johansen wins face-off versus T.J. Hensick in Blackhawks zone.
1:05 of 1st period - Rob Schremp is hit by Jaden Schwartz and loses puck.
1:55 of 1st period - Minor Penalty to Dave Tanabe for Tripping.
1:56 of 1st period - Patrick Kane wins face-off versus David Legwand in Blackhawks zone.
2:00 of 1st period - Wrist shot by Brad Boyes.
2:00 of 1st period - Shot Blocked by Mike Green.
2:02 of 1st period - Slapshot by Kevin Shattenkirk.
2:02 of 1st period - Goal by Kevin Shattenkirk - Blackhawks : 0 - Sharks : 1.
2:03 of 1st period - Derick Brassard wins face-off versus David Legwand in neutral zone.
2:10 of 1st period - Steve Montador is hit by Antoine Roussel and loses puck.
3:20 of 1st period - Snap shot by Antoine Vermette.
3:20 of 1st period - Goal by Antoine Vermette - Blackhawks : 0 - Sharks : 2.
3:21 of 1st period - Antoine Vermette wins face-off versus Derick Brassard in neutral zone.
3:36 of 1st period - Cal Clutterbuck is hit by Joni Pitkanen and loses puck.
3:59 of 1st period - Mike Green is hit by Ryane Clowe and loses puck.
4:12 of 1st period - Backhand shot by Antoine Vermette.
4:12 of 1st period - Deflect By Joni Pitkanen.
4:12 of 1st period - Stopped by Jimmy Howard without a rebound.
4:13 of 1st period - David Legwand wins face-off versus Derick Brassard in Blackhawks zone.
4:14 of 1st period - Slapshot by Brad Boyes.
4:14 of 1st period - Shot Blocked by Denis Grebeshkov.
4:26 of 1st period - Ladislav Smid is hit by Brad Boyes.
4:47 of 1st period - Tyler Kennedy is hit by Nick Palmieri and loses puck.
5:25 of 1st period - Snap shot by Taylor Pyatt.
5:25 of 1st period - Stopped by Frederik Andersen without a rebound.
5:26 of 1st period - Derick Brassard wins face-off versus Nick Palmieri in Sharks zone.
5:27 of 1st period - Snap shot by Patrick Kane.
5:27 of 1st period - Shot Misses the Net.
5:37 of 1st period - Boris Valabik is hit by Antoine Roussel and loses puck.
5:49 of 1st period - Icing by Andrej Sekera.
5:50 of 1st period - David Legwand wins face-off versus Peter Regin in Sharks zone.
6:03 of 1st period - Snap shot by Jarome Iginla.
6:03 of 1st period - Shot Blocked by Andrej Sekera.
6:05 of 1st period - Snap shot by Kevin Marshall.
6:05 of 1st period - Deflect By Peter Regin.
6:05 of 1st period - Stopped by Frederik Andersen with a rebound.
6:37 of 1st period - Snap shot by Jaden Schwartz.
6:37 of 1st period - Shot Blocked by Andrej Sekera.
7:18 of 1st period - Minor Penalty to Denis Grebeshkov for Interference.
7:19 of 1st period - David Legwand wins face-off versus Derick Brassard in Blackhawks zone.
7:29 of 1st period - Slapshot by Patrick Kane.
7:29 of 1st period - Shot Misses the Net.
9:18 of 1st period - Penalty to Denis Grebeshkov is over, Denis Grebeshkov is back on ice.
9:20 of 1st period - Snap shot by Jarome Iginla.
9:20 of 1st period - Stopped by Frederik Andersen with a rebound.
9:24 of 1st period - Wrist shot by Denis Grebeshkov.
9:24 of 1st period - Shot Misses the Net.
9:26 of 1st period - Wrist shot by Denis Grebeshkov.
9:26 of 1st period - Goal by Denis Grebeshkov - Blackhawks : 1 - Sharks : 2.
9:27 of 1st period - Antoine Vermette wins face-off versus Derick Brassard in neutral zone.
10:05 of 1st period - Slapshot by Peter Regin.
10:05 of 1st period - Stopped by Frederik Andersen with a rebound.
10:07 of 1st period - Wrist shot by Jarome Iginla.
10:07 of 1st period - Stopped by Frederik Andersen with a rebound.
10:09 of 1st period - Snap shot by Jarome Iginla.
10:09 of 1st period - Shot Blocked by Kevin Shattenkirk.
10:19 of 1st period - Nick Palmieri is hit by Ryan Johansen and loses puck.
10:42 of 1st period - Wrist shot by Oskar Osala.
10:42 of 1st period - Shot Misses the Net.
10:44 of 1st period - Snap shot by Damien Brunner.
10:44 of 1st period - Shot Blocked by Kyle Brodziak.
10:46 of 1st period - Slapshot by Andrej Sekera.
10:46 of 1st period - Shot Misses the Net.
10:48 of 1st period - Slapshot by Boris Valabik.
10:48 of 1st period - Stopped by Jimmy Howard with a rebound.
11:48 of 1st period - Snap shot by Taylor Pyatt.
11:48 of 1st period - Stopped by Frederik Andersen with a rebound.
11:50 of 1st period - Slapshot by Joni Pitkanen.
11:50 of 1st period - Shot Misses the Net.
12:09 of 1st period - Snap shot by Rob Schremp.
12:09 of 1st period - Stopped by Jimmy Howard without a rebound.
12:10 of 1st period - Peter Regin wins face-off versus David Legwand in Blackhawks zone.
12:17 of 1st period - Snap shot by Jarome Iginla.
12:17 of 1st period - Deflect By Tomas Fleischmann.
12:17 of 1st period - Shot Blocked by Steve Montador.
12:17 of 1st period - Puck is out of play.
12:18 of 1st period - Peter Regin wins face-off versus David Legwand in Sharks zone.
12:21 of 1st period - Snap shot by Tomas Fleischmann.
12:21 of 1st period - Stopped by Frederik Andersen with a rebound.
12:23 of 1st period - Slapshot by Mike Green.
12:23 of 1st period - Deflect By Tomas Fleischmann.
12:23 of 1st period - Stopped by Frederik Andersen without a rebound.
12:24 of 1st period - Derick Brassard wins face-off versus David Legwand in Sharks zone.
12:25 of 1st period - Snap shot by Patrick Kane.
12:25 of 1st period - Stopped by Frederik Andersen without a rebound.
12:26 of 1st period - Derick Brassard wins face-off versus David Legwand in Sharks zone.
12:27 of 1st period - Wrist shot by Patrick Kane.
12:27 of 1st period - Deflect By Antoine Roussel.
12:27 of 1st period - Shot Misses the Net.
12:27 of 1st period - Puck is out of play.
12:28 of 1st period - David Legwand wins face-off versus Derick Brassard in Sharks zone.
14:08 of 1st period - Wrist shot by Patrick Kane.
14:08 of 1st period - Stopped by Frederik Andersen without a rebound.
14:09 of 1st period - Derick Brassard wins face-off versus Antoine Vermette in Sharks zone.
14:18 of 1st period - Slapshot by Antoine Roussel.
14:18 of 1st period - Stopped by Frederik Andersen with a rebound.
14:20 of 1st period - Snap shot by Mike Green.
14:20 of 1st period - Stopped by Frederik Andersen with a rebound.
14:22 of 1st period - Slapshot by Joni Pitkanen.
14:22 of 1st period - Stopped by Frederik Andersen with a rebound.
14:24 of 1st period - Slapshot by Joni Pitkanen.
14:24 of 1st period - Deflect By Antoine Roussel.
14:24 of 1st period - Stopped by Frederik Andersen with a rebound.
14:26 of 1st period - Slapshot by Patrick Kane.
14:26 of 1st period - Stopped by Frederik Andersen without a rebound.
14:27 of 1st period - Peter Regin wins face-off versus David Legwand in Sharks zone.
14:35 of 1st period - Minor Penalty to David Legwand for Interference.
14:36 of 1st period - Derick Brassard wins face-off versus Rob Schremp in Sharks zone.
16:35 of 1st period - Penalty to David Legwand is over, David Legwand is back on ice.
16:47 of 1st period - Chris Campoli is hit by Ryan Johansen and loses puck.
18:04 of 1st period - Mike Green is hit by Derek Boogaard and loses puck.
18:52 of 1st period - Joni Pitkanen is hit by Brad Boyes and loses puck.
19:25 of 1st period - Wrist shot by Derick Brassard.
19:25 of 1st period - Stopped by Frederik Andersen without a rebound.
19:26 of 1st period - Derick Brassard wins face-off versus David Legwand in Sharks zone.
19:43 of 1st period - Slapshot by Derick Brassard.
19:43 of 1st period - Stopped by Frederik Andersen with a rebound.
19:45 of 1st period - Wrist shot by Antoine Roussel.
19:45 of 1st period - Stopped by Frederik Andersen without a rebound.
19:46 of 1st period - Antoine Vermette wins face-off versus Peter Regin in Sharks zone.
19:46 of 1st period - Antoine Vermette is hit by Tomas Fleischmann.
19:49 of 1st period - Minor Penalty to Cal Clutterbuck for High sticking.
19:50 of 1st period - David Legwand wins face-off versus Derick Brassard in Sharks zone.
Goals for this period are 1 for Blackhawks vs 2 for Sharks.
Shots for this period are 19 for Blackhawks vs 7 for Sharks.
2nd period
0:01 of 2nd period - Derick Brassard wins face-off versus David Legwand in neutral zone.
0:32 of 2nd period - Icing by Peter Regin.
0:33 of 2nd period - David Legwand wins face-off versus Peter Regin in Blackhawks zone.
0:34 of 2nd period - Snap shot by Brad Boyes.
0:34 of 2nd period - Stopped by Jimmy Howard with a rebound.
0:52 of 2nd period - Wrist shot by Tomas Fleischmann.
0:52 of 2nd period - Stopped by Frederik Andersen with a rebound.
0:54 of 2nd period - Snap shot by Peter Regin.
0:54 of 2nd period - Deflect By Jarome Iginla.
0:54 of 2nd period - Stopped by Frederik Andersen with a rebound.
0:56 of 2nd period - Slapshot by Mike Green.
0:56 of 2nd period - Stopped by Frederik Andersen with a rebound.
0:58 of 2nd period - Snap shot by Peter Regin.
0:58 of 2nd period - Deflect By Jarome Iginla.
0:58 of 2nd period - Shot Blocked by Andrej Sekera.
0:58 of 2nd period - Puck is out of play.
0:59 of 2nd period - Derick Brassard wins face-off versus David Legwand in Sharks zone.
1:06 of 2nd period - Snap shot by Derick Brassard.
1:06 of 2nd period - Stopped by Frederik Andersen without a rebound.
1:07 of 2nd period - Derick Brassard wins face-off versus David Legwand in Sharks zone.
1:08 of 2nd period - Wrist shot by Patrick Kane.
1:08 of 2nd period - Stopped by Frederik Andersen with a rebound.
1:10 of 2nd period - Snap shot by Antoine Roussel.
1:10 of 2nd period - Goal by Antoine Roussel - Blackhawks : 2 - Sharks : 2.
1:11 of 2nd period - David Legwand wins face-off versus Antoine Roussel in neutral zone.
1:14 of 2nd period - Snap shot by Brad Boyes.
1:14 of 2nd period - Stopped by Jimmy Howard with a rebound.
1:16 of 2nd period - Wrist shot by Brad Boyes.
1:16 of 2nd period - Shot Blocked by Mike Green.
1:18 of 2nd period - Slapshot by Kevin Shattenkirk.
1:18 of 2nd period - Deflect By Brad Boyes.
1:18 of 2nd period - Stopped by Jimmy Howard with a rebound.
1:20 of 2nd period - Slapshot by Steve Montador.
1:20 of 2nd period - Shot Misses the Net.
1:22 of 2nd period - Slapshot by Brad Boyes.
1:22 of 2nd period - Stopped by Jimmy Howard without a rebound.
1:23 of 2nd period - Derick Brassard wins face-off versus David Legwand in Blackhawks zone.
1:32 of 2nd period - Wrist shot by Derek Boogaard.
1:32 of 2nd period - Stopped by Jimmy Howard with a rebound.
2:59 of 2nd period - Derek Boogaard is hit by Patrick Kane and loses puck.
3:06 of 2nd period - Patrick Kane is hit by Derek Boogaard and loses puck.
3:54 of 2nd period - Minor Penalty to T.J. Hensick for Cross-checking.
3:55 of 2nd period - David Legwand wins face-off versus Derick Brassard in Sharks zone.
4:28 of 2nd period - Slapshot by Mike Green.
4:28 of 2nd period - Deflect By Tomas Fleischmann.
4:28 of 2nd period - Goal by Tomas Fleischmann - Blackhawks : 3 - Sharks : 2.
4:29 of 2nd period - Patrick Kane wins face-off versus Derek Boogaard in neutral zone.
4:48 of 2nd period - Patrick Kane is hit by Brad Boyes and loses puck.
5:47 of 2nd period - Wrist shot by Damien Brunner.
5:47 of 2nd period - Shot Blocked by Joni Pitkanen.
5:55 of 2nd period - Slapshot by Jaden Schwartz.
5:55 of 2nd period - Stopped by Frederik Andersen with a rebound.
5:57 of 2nd period - Snap shot by Joni Pitkanen.
5:57 of 2nd period - Stopped by Frederik Andersen with a rebound.
6:21 of 2nd period - Icing by Erik Karlsson.
6:22 of 2nd period - Derick Brassard wins face-off versus David Legwand in Sharks zone.
6:47 of 2nd period - David Legwand is hit by Denis Grebeshkov and loses puck.
7:10 of 2nd period - Snap shot by Denis Grebeshkov.
7:10 of 2nd period - Stopped by Frederik Andersen with a rebound.
7:56 of 2nd period - Slapshot by Kevin Shattenkirk.
7:56 of 2nd period - Deflect By Cal Clutterbuck.
7:56 of 2nd period - Shot Misses the Net.
7:56 of 2nd period - Puck is out of play.
7:57 of 2nd period - Derick Brassard wins face-off versus T.J. Hensick in Blackhawks zone.
7:59 of 2nd period - Minor Penalty to Joni Pitkanen for Hooking.
8:00 of 2nd period - Patrick Kane wins face-off versus Antoine Vermette in Blackhawks zone.
8:00 of 2nd period - Patrick Kane is hit by Andrej Sekera.
8:15 of 2nd period - Wrist shot by Cal Clutterbuck.
8:15 of 2nd period - Shot Misses the Net.
9:41 of 2nd period - Jaden Schwartz is hit by T.J. Hensick and loses puck.
9:59 of 2nd period - Penalty to Joni Pitkanen is over, Joni Pitkanen is back on ice.
10:04 of 2nd period - Antoine Vermette is hit by Jarome Iginla and loses puck.
10:21 of 2nd period - Damien Brunner is hit by Chad Larose and loses puck.
10:31 of 2nd period - Icing by Erik Karlsson.
10:32 of 2nd period - Rob Schremp wins face-off versus Derick Brassard in Sharks zone.
11:01 of 2nd period - Wrist shot by T.J. Hensick.
11:01 of 2nd period - Shot Misses the Net.
11:03 of 2nd period - Snap shot by Nick Palmieri.
11:03 of 2nd period - Stopped by Jimmy Howard with a rebound.
11:05 of 2nd period - Slapshot by Chris Campoli.
11:05 of 2nd period - Shot Misses the Net.
11:07 of 2nd period - Slapshot by Chris Campoli.
11:07 of 2nd period - Stopped by Jimmy Howard with a rebound.
11:23 of 2nd period - Slapshot by Dave Tanabe.
11:23 of 2nd period - Shot Blocked by Derek Boogaard.
11:33 of 2nd period - Chad Larose is hit by Steve Montador and loses puck.
12:18 of 2nd period - Minor Penalty to Nick Palmieri for Interference.
12:19 of 2nd period - David Legwand wins face-off versus Peter Regin in Sharks zone.
13:51 of 2nd period - Boris Valabik is hit by Derick Brassard and loses puck.
14:18 of 2nd period - Penalty to Nick Palmieri is over, Nick Palmieri is back on ice.
14:54 of 2nd period - Slapshot by Ryan Johansen.
14:54 of 2nd period - Stopped by Frederik Andersen with a rebound.
15:09 of 2nd period - Denis Grebeshkov is hit by Rob Schremp and loses puck.
15:46 of 2nd period - Snap shot by T.J. Hensick.
15:46 of 2nd period - Stopped by Jimmy Howard without a rebound.
15:47 of 2nd period - Derick Brassard wins face-off versus T.J. Hensick in Blackhawks zone.
15:58 of 2nd period - Minor Penalty to Nick Palmieri for Holding.
15:59 of 2nd period - Patrick Kane wins face-off versus David Legwand in Sharks zone.
16:26 of 2nd period - Tomas Fleischmann is hit by Derek Boogaard.
16:30 of 2nd period - Slapshot by Antoine Vermette.
16:30 of 2nd period - Stopped by Jimmy Howard with a rebound.
17:58 of 2nd period - Penalty to Nick Palmieri is over, Nick Palmieri is back on ice.
18:28 of 2nd period - Slapshot by Kevin Shattenkirk.
18:28 of 2nd period - Shot Blocked by Tyler Kennedy.
18:30 of 2nd period - Wrist shot by Ryane Clowe.
18:30 of 2nd period - Stopped by Jimmy Howard without a rebound.
18:31 of 2nd period - Rob Schremp wins face-off versus Ryan Johansen in Blackhawks zone.
19:02 of 2nd period - Denis Grebeshkov is hit by Andrej Sekera and loses puck.
19:19 of 2nd period - Slapshot by Boris Valabik.
19:19 of 2nd period - Shot Misses the Net.
19:25 of 2nd period - Cal Clutterbuck is hit by Antoine Roussel and loses puck.
Goals for this period are 2 for Blackhawks vs 0 for Sharks.
Shots for this period are 11 for Blackhawks vs 10 for Sharks.
3rd period
0:01 of 3rd period - David Legwand wins face-off versus Derick Brassard in neutral zone.
0:16 of 3rd period - Wrist shot by Derick Brassard.
0:16 of 3rd period - Shot Misses the Net.
0:34 of 3rd period - Off-side.
0:35 of 3rd period - Antoine Vermette wins face-off versus Antoine Roussel in neutral zone.
0:49 of 3rd period - Off-side.
0:50 of 3rd period - Peter Regin wins face-off versus David Legwand in neutral zone.
1:21 of 3rd period - Kevin Shattenkirk is hit by Antoine Roussel and loses puck.
1:48 of 3rd period - Off-side.
1:49 of 3rd period - Derick Brassard wins face-off versus David Legwand in neutral zone.
2:06 of 3rd period - Andrej Sekera is hit by Antoine Roussel and loses puck.
2:23 of 3rd period - Slapshot by Nick Palmieri.
2:23 of 3rd period - Stopped by Jimmy Howard without a rebound.
2:24 of 3rd period - T.J. Hensick wins face-off versus Tomas Fleischmann in Blackhawks zone.
2:39 of 3rd period - Slapshot by Nick Palmieri.
2:39 of 3rd period - Shot Misses the Net.
2:51 of 3rd period - Wrist shot by Chad Larose.
2:51 of 3rd period - Shot Blocked by Chris Campoli.
4:18 of 3rd period - Minor Penalty to Steve Montador for Slashing.
4:19 of 3rd period - David Legwand wins face-off versus Derick Brassard in Sharks zone.
4:46 of 3rd period - Tomas Fleischmann is hit by Antoine Vermette.
6:18 of 3rd period - Penalty to Steve Montador is over, Steve Montador is back on ice.
6:34 of 3rd period - Slapshot by Taylor Pyatt.
6:34 of 3rd period - Stopped by Frederik Andersen without a rebound.
6:35 of 3rd period - Antoine Vermette wins face-off versus Kyle Brodziak in Sharks zone.
6:50 of 3rd period - Snap shot by Cal Clutterbuck.
6:50 of 3rd period - Stopped by Jimmy Howard with a rebound.
6:56 of 3rd period - Minor Penalty to Dave Tanabe for Holding.
6:57 of 3rd period - Antoine Vermette wins face-off versus Patrick Kane in Blackhawks zone.
7:18 of 3rd period - Minor Penalty to Joni Pitkanen for Hooking.
7:19 of 3rd period - Patrick Kane wins face-off versus Brad Boyes in Blackhawks zone.
7:28 of 3rd period - Slapshot by Kevin Shattenkirk.
7:28 of 3rd period - Stopped by Jimmy Howard without a rebound.
7:29 of 3rd period - Patrick Kane wins face-off versus David Legwand in Blackhawks zone.
7:52 of 3rd period - Wrist shot by Brad Boyes.
7:52 of 3rd period - Shot Blocked by Mike Green.
7:54 of 3rd period - Slapshot by Steve Montador.
7:54 of 3rd period - Shot Misses the Net.
7:58 of 3rd period - Slapshot by Kevin Shattenkirk.
7:58 of 3rd period - Shot Misses the Net.
8:00 of 3rd period - Snap shot by Derek Boogaard.
8:00 of 3rd period - Shot Misses the Net.
8:02 of 3rd period - Snap shot by Brad Boyes.
8:02 of 3rd period - Shot Misses the Net.
8:04 of 3rd period - Snap shot by Steve Montador.
8:04 of 3rd period - Deflect By David Legwand.
8:04 of 3rd period - Shot Misses the Net.
8:04 of 3rd period - Puck is out of play.
8:05 of 3rd period - Patrick Kane wins face-off versus Ryane Clowe in Blackhawks zone.
8:14 of 3rd period - Slapshot by Boris Valabik.
8:14 of 3rd period - Stopped by Jimmy Howard with a rebound.
8:16 of 3rd period - Snap shot by Cal Clutterbuck.
8:16 of 3rd period - Stopped by Jimmy Howard with a rebound.
8:56 of 3rd period - Penalty to Dave Tanabe is over, Dave Tanabe is back on ice.
9:18 of 3rd period - Penalty to Joni Pitkanen is over, Joni Pitkanen is back on ice.
9:52 of 3rd period - Snap shot by T.J. Hensick.
9:52 of 3rd period - Shot Misses the Net.
9:54 of 3rd period - Slapshot by Kevin Shattenkirk.
9:54 of 3rd period - Stopped by Jimmy Howard with a rebound.
9:56 of 3rd period - Wrist shot by T.J. Hensick.
9:56 of 3rd period - Goal by T.J. Hensick - Blackhawks : 3 - Sharks : 3.
9:57 of 3rd period - Peter Regin wins face-off versus David Legwand in neutral zone.
10:28 of 3rd period - Wrist shot by Andrej Sekera.
10:28 of 3rd period - Stopped by Jimmy Howard with a rebound.
10:30 of 3rd period - Slapshot by Boris Valabik.
10:30 of 3rd period - Stopped by Jimmy Howard without a rebound.
10:31 of 3rd period - Antoine Vermette wins face-off versus Derick Brassard in Blackhawks zone.
10:32 of 3rd period - Snap shot by Cal Clutterbuck.
10:32 of 3rd period - Goal by Cal Clutterbuck - Blackhawks : 3 - Sharks : 4.
10:33 of 3rd period - Derick Brassard wins face-off versus David Legwand in neutral zone.
10:35 of 3rd period - Minor Penalty to Derick Brassard for Holding.
10:36 of 3rd period - Patrick Kane wins face-off versus David Legwand in Blackhawks zone.
12:35 of 3rd period - Penalty to Derick Brassard is over, Derick Brassard is back on ice.
13:05 of 3rd period - Erik Cole is hit by Derick Brassard and loses puck.
13:20 of 3rd period - Denis Grebeshkov is hit by Oskar Osala and loses puck.
13:59 of 3rd period - Dave Tanabe is hit by Steve Montador and loses puck.
14:21 of 3rd period - Off-side.
14:22 of 3rd period - T.J. Hensick wins face-off versus Derick Brassard in neutral zone.
14:52 of 3rd period - Slapshot by Denis Grebeshkov.
14:52 of 3rd period - Stopped by Frederik Andersen without a rebound.
14:53 of 3rd period - Peter Regin wins face-off versus Antoine Vermette in Sharks zone.
15:02 of 3rd period - Tomas Fleischmann is hit by Cal Clutterbuck and loses puck.
15:19 of 3rd period - Taylor Pyatt is hit by Erik Cole and loses puck.
15:46 of 3rd period - Snap shot by Derick Brassard.
15:46 of 3rd period - Stopped by Frederik Andersen without a rebound.
15:47 of 3rd period - Chad Larose wins face-off versus David Legwand in Sharks zone.
16:02 of 3rd period - Snap shot by Kevin Shattenkirk.
16:02 of 3rd period - Stopped by Jimmy Howard without a rebound.
16:03 of 3rd period - Antoine Roussel wins face-off versus T.J. Hensick in Blackhawks zone.
16:03 of 3rd period - Antoine Roussel is hit by Nick Palmieri.
16:09 of 3rd period - Derick Brassard is hit by Nick Palmieri.
16:29 of 3rd period - Ryan Johansen is hit by Brad Boyes and loses puck.
16:54 of 3rd period - Minor Penalty to Cal Clutterbuck for Hooking.
16:55 of 3rd period - David Legwand wins face-off versus Derick Brassard in Sharks zone.
18:54 of 3rd period - Penalty to Cal Clutterbuck is over, Cal Clutterbuck is back on ice.
19:25 of 3rd period - Blackhawks, Jimmy Howard is pulled from the net.
19:39 of 3rd period - Wrist shot by Ryan Johansen.
19:39 of 3rd period - Deflect By Taylor Pyatt.
19:39 of 3rd period - Stopped by Frederik Andersen without a rebound.
19:40 of 3rd period - Bruce Boudreau call a timeout for Blackhawks.
19:40 of 3rd period - Chad Larose wins face-off versus T.J. Hensick in Sharks zone.
19:53 of 3rd period - Erik Cole is hit by Joni Pitkanen and loses puck.
19:58 of 3rd period - Wrist shot by Joni Pitkanen.
19:58 of 3rd period - Deflect By Taylor Pyatt.
19:58 of 3rd period - Shot Misses the Net.
19:58 of 3rd period - Puck is out of play.
19:59 of 3rd period - T.J. Hensick wins face-off versus Chad Larose in Sharks zone.
Goals for this period are 0 for Blackhawks vs 2 for Sharks.
Shots for this period are 4 for Blackhawks vs 11 for Sharks.
Back to the Top